 Dungeon Crawl Stone Soup version 0.22-a0-570-g58866f5d57 (webtiles) character file.

943 Kholdaimon the Shield-Bearer (level 7, -1/62 HPs)
             Began as a Deep Dwarf Fighter on June 30, 2018.
             Slain by an ogre
             ... wielding a +0 giant club
              (25 damage)
             ... on level 5 of the Dungeon.
             The game lasted 00:27:16 (2781 turns).

Kholdaimon the Shield-Bearer (Deep Dwarf Fighter)   Turns: 2781, Time: 00:27:17

Health: -1/62      AC: 12    Str: 19    XL:     7   Next: 88%
Magic:  6/6        EV:  6    Int: 11    God:
Gold:   230        SH: 10    Dex: 12    Spells: 6/6 levels left

rFire    . . .     SeeInvis .   a - +0 war axe
rCold    . . .     Gourm    .   c - +0 shield
rNeg     + . .     Faith    .   v - +0 chain mail
rPois    .         Spirit   .   (no helmet)
rElec    .         Reflect  .   (no cloak)
rCorr    .         Harm     .   k - +1 pair of gloves
MR       +....                  (no boots)
Stlth    ..........             (no amulet)
HPRegen  0.00/turn              r - ring of positive energy (curse)
MPRegen  0.10/turn              (no ring)

@: non-regenerating
A: damage resistance, heal wounds, sense surroundings 1, no regeneration
a: Heal Wounds


You were on level 5 of the Dungeon.
You were not hungry.

You visited 1 branch of the dungeon, and saw 5 of its levels.

You collected 230 gold pieces.

Inventory:

Hand Weapons
 a - a +0 war axe (weapon)
 q - a +0 hunting sling
 w - a +1 mace of holy wrath
 z - a +0 flail of holy wrath
 B - a +4 dagger
Missiles
 e - 164 stones (quivered)
 m - 55 poisoned needles
 t - 34 bolts
 u - 3 curare-tipped needles
 x - 39 sling bullets
 y - 2 throwing nets
 A - 5 javelins
Armour
 b - a +0 scale mail
 c - a +0 shield (worn)
 k - a +1 pair of gloves (worn)
 v - a +0 chain mail (worn)
Jewellery
 p - an uncursed ring of protection from fire {unknown}
 r - a cursed ring of positive energy (left hand)
Scrolls
 i - 4 scrolls of teleportation
 l - 4 scrolls of identify
 o - 2 scrolls of enchant armour
Potions
 d - a potion of might
 h - 2 potions of brilliance {unknown}
 j - 3 potions of lignification
 n - 3 potions of curing
 s - a potion of berserk rage
Comestibles
 f - 2 rations
 g - 11 chunks of flesh


   Skills:
 - Level 3.0 Fighting
 * Level 6.3 Axes
 + Level 5.4 Armour
 - Level 1.4 Stealth
 * Level 7.0 Shields


You had 6 spell levels left.
You didn't know any spells.
Your spell library was empty.

Dungeon Overview and Level Annotations

Branches:
Dungeon (5/15)
 Temple: D:4-7

Altars:
Dithmenos
Nemelex Xobeh
Trog


Innate Abilities, Weirdness & Mutations

You are resistant to damage.
You can heal yourself by infusing magical energy.
You passively map a small area around you.
You do not regenerate.


Message History

You hit the ogre.
The ogre is moderately wounded.
You block the ogre's attack.
You hit the ogre.
The ogre is moderately wounded.
You block the ogre's attack.
You hit the ogre but do no damage.
The ogre is moderately wounded.
The ogre hits you with a giant club!!
You are too injured to fight recklessly!
You are too injured to fight recklessly!
You are too injured to fight recklessly!
You are too injured to fight recklessly!
You are too injured to fight recklessly!
You are too injured to fight recklessly!
You are too injured to fight recklessly!
You barely miss the ogre.
The ogre is moderately wounded.
The ogre hits you with a giant club!!
You die...

, , , * * #, ### #.
#############.## ,
#.#..............## ,
*#................####
#.#.#...................
#.....@.>....###...####
, .......O...........^#
........#...#####...#
........##.## ##.##
............# #.#####
#.....#.###..., .......
##...##.# *#### #.##.##
#..# #.# #.##.## * #. *
#>##.##


You could see an ogre.

Vanquished Creatures
  An ogre (D:4)
  2 scorpions (D:4)
  A howler monkey (D:4)
  2 crimson imps (D:5)
  A centaur zombie (D:5)
  A hound (D:4)
  An orc priest (D:4)
  A centaur skeleton (D:4)
  8 orc wizards
  3 worker ants
  6 adders
  4 gnolls (D:3)
  A shadow imp (D:5)
  6 oozes
  An adder zombie (D:5)
  2 worms
  3 dart slugs
  4 leopard geckos
  16 orcs
  2 ball pythons
  6 bats
  4 giant cockroaches
  8 goblins
  10 hobgoblins
  5 jackals
  3 quokkas
  7 frilled lizards
  A jackal skeleton (D:5)
  10 kobolds
  4 rats (D:2)
124 creatures vanquished.

Notes
Turn   | Place    | Note
-------+----------+-------------------------------------------
     0 | D:1      | Kholdaimon the Deep Dwarf Fighter began the quest for the Orb.
     0 | D:1      | Reached XP level 1. HP: 20/20 MP: 1/1
   145 | D:1      | Reached XP level 2. HP: 18/27 MP: 2/2
   185 | D:1      | You fall through a shaft!
   192 | D:2      | Reached skill level 1 in Stealth
   777 | D:2      | Reached XP level 3. HP: 20/33 MP: 3/3
   900 | D:2      | Reached skill level 4 in Shields
   931 | D:2      | Reached XP level 4. HP: 31/42 MP: 4/4
   960 | D:2      | Found a shadowy altar of Dithmenos.
   979 | D:2      | Found a sparkling altar of Nemelex Xobeh.
   981 | D:2      | Found a bloodstained altar of Trog.
  1502 | D:3      | Reached XP level 5. HP: 45/49 MP: 5/5
  2099 | D:4      | Noticed an ogre
  2111 | D:4      | Killed an ogre
  2111 | D:4      | Reached skill level 5 in Shields
  2111 | D:4      | Reached XP level 6. HP: 48/56 MP: 6/6
  2123 | D:4      | Reached skill level 5 in Axes
  2165 | D:4      | Reached XP level 7. HP: 48/62 MP: 7/7
  2170 | D:4      | Reached skill level 6 in Shields
  2198 | D:4      | Reached skill level 5 in Armour
  2525 | D:5      | Entered Level 5 of the Dungeon
  2760 | D:5      | Reached skill level 7 in Shields
  2781 | D:5      | Slain by an ogre

Vault maps used:
D:1:      dpeg_arrival_court
D:2:      lemuel_doored_altar, chequers_temple_overflow_statue_of_worship
D:5:      lemuel_round_altar, first_ration

Skill      XL: |  1  2  3  4  5  6  7 |
---------------+----------------------+-----
Stealth        | 1 |  1.4
Fighting       | 3 |  3.0
Axes           | 3 4 5 6 |  6.3
Shields        | 4 5 7 |  7.0
Armour         | 4 5 |  5.4

Action                   |  1- 3 |  4- 6 |  7- 9 || total
-------------------------+-------+-------+-------++-------
Melee: War axe           |   117 |   168 |   144 ||   429
Throw: Stone             |    18 |    33 |    12 ||    63
 Abil: Heal Wounds       |     1 |     3 |     2 ||     6
  Use: Scroll            |       |     8 |       ||     8
  Eat: Chunk             |       |     4 |     3 ||     7
Armor: Scale mail        |    61 |    26 |       ||    87
       Chain mail        |       |    62 |   113 ||   175
Dodge: Dodged            |    32 |    39 |    33 ||   104
Block: Shield            |    74 |   101 |    92 ||   267

Table legend:
 A = Spawn XP
 B = Non-spawn XP
 C = Spawn XP percentage of total XP
 D = Spawn monster count
 E = Non-spawn monster count
 F = Spawn count percentage of total count
 G = Total turns spent on level
                    A         B        C        D         E        F      G
               +---------+---------+-------+---------+---------+-------+---------
         Total |       0 |    1348 |   0.0 |       0 |     124 |   0.0 |  2781
               +---------+---------+-------+---------+---------+-------+---------
           D:1 |       0 |      56 |   0.0 |       0 |      21 |   0.0 |   742
           D:2 |       0 |      75 |   0.0 |       0 |      24 |   0.0 |   591
           D:3 |       0 |     165 |   0.0 |       0 |      30 |   0.0 |   695
           D:4 |       0 |     677 |   0.0 |       0 |      28 |   0.0 |   505
           D:5 |       0 |     375 |   0.0 |       0 |      21 |   0.0 |   248
               +---------+---------+-------+---------+---------+-------+---------
